 Dungeon Crawl Stone Soup version 0.23.0 (webtiles) character file.

Game seed: 3277807990746875020

1136 MalarOregon the Spear-Bearer (level 8, -8/50 HPs)
             Began as a Merfolk Skald on Feb 14, 2019.
             Was an Initiate of Hepliaklqana.
             Mangled by an orc warrior
             ... wielding a +0 short sword
              (18 damage)
             ... on level 6 of the Dungeon.
             The game lasted 00:11:28 (6541 turns).

MalarOregon the Spear-Bearer (Merfolk Skald)        Turns: 6541, Time: 00:11:29

Health: -8/50      AC:  4    Str: 11    XL:     8   Next: 36%
Magic:  11/11      EV: 12    Int: 15    God:    Hepliaklqana [......]
Gold:   368        SH:  0    Dex: 13    Spells: 4/11 levels left

rFire    + . .     SeeInvis +   k - +1 spear (vamp) {!w}
rCold    . . .     Gourm    .   (no shield)
rNeg     . . .     Faith    .   b - +0 leather armour
rPois    .         Spirit   .   (no helmet)
rElec    .         Reflect  .   (no cloak)
rCorr    .         Harm     .   (no gloves)
MR       .....                  o - +0 pair of boots
Stlth    +.........             h - amulet of magic regeneration
HPRegen  0.16/turn              i - ring of protection from fire
MPRegen  0.37/turn              z - ring of see invisible

@: no status effects
A: change form in water, swift swim, stealthy swim, reduced essence
a: Recall Ancestor, Ancestor Identity, Renounce Religion


You were on level 6 of the Dungeon.
You worshipped Hepliaklqana.
Hepliaklqana was noncommittal.
You were hungry.

You visited 2 branches of the dungeon, and saw 7 of its levels.

You collected 368 gold pieces.

Inventory:

Hand Weapons
 k - a +1 vampiric spear (weapon) {!w}
   (You took it off a gnoll on level 2 of the Dungeon)
Armour
 b - a +0 leather armour (worn)
 o - a +0 pair of boots (worn)
   (You found it on level 2 of the Dungeon)
Jewellery
 h - an amulet of magic regeneration (around neck)
   (You found it on level 1 of the Dungeon)
 i - a ring of protection from fire (left hand)
   (You found it on level 2 of the Dungeon)
 z - a ring of see invisible (right hand)
   (You found it on level 5 of the Dungeon)
Wands
 m - a wand of enslavement (11)
   (You found it on level 2 of the Dungeon)
Scrolls
 c - a scroll of fear {unknown}
 f - 3 scrolls of identify {@r1}
 g - 2 scrolls of enchant weapon {unknown}
 j - 7 scrolls of teleportation {@r4}
 n - a scroll of blinking {unknown}
 p - a scroll of remove curse {unknown}
 q - a scroll of noise {unknown}
Potions
 a - 2 potions of cancellation {unknown}
 d - a potion of mutation {unknown}
Comestibles
 e - 5 rations {!d}


   Skills:
 - Level 2.1 Fighting
 * Level 10.2 Polearms
 + Level 2.1 Armour
 - Level 2.6 Dodging
 - Level 2.0 Spellcasting
 - Level 4.0 Hexes
 + Level 3.8 Charms
 - Level 3.0 Necromancy


You had 4 spell levels left.
You knew the following spells:

 Your Spells              Type           Power        Failure   Level  Hunger
a - Infusion              Chrm           ##..         6%          1    #......
e - Regeneration          Chrm/Necr      ##........   22%         3    ###....
t - Spectral Weapon       Hex/Chrm       ##......     17%         3    ###....

Your spell library contained the following spells:

 Spells                   Type           Power        Failure   Level  Hunger
 Corona                   Hex            ##.....      5%          1    #......
 Song of Slaying          Chrm           ##......     9%          2    ###....
 Confuse                  Hex            ##......     17%         3    ###....
 Tukima's Dance           Hex            ##......     17%         3    ###....
 Ensorcelled Hibernation  Hex/Ice        #.....       19%         2    ###....
 Shroud of Golubria       Chrm/Tloc      #.........   21%         2    ###....
 Dazzling Spray           Conj/Hex       #.....       36%         3    ###....


Dungeon Overview and Level Annotations

Branches:
Dungeon (6/15)             Temple (1/1) D:4

Altars:
Ashenzari
Cheibriados
Dithmenos
Elyvilon
Fedhas
Hepliaklqana
Kikubaaqudgha
Makhleb
Ru
Sif Muna
Trog
Uskayaw
Vehumet
Wu Jian
Xom
Yredelemnul
The Shining One
Beogh

Shops:
D:5 %


Message History

You hit the orc warrior but do no damage.
Your spectral weapon closely misses the orc warrior.
The orc barely misses your spectral weapon.
The orc warrior hits your spectral weapon with a +0 short sword!
Your spectral weapon shares its damage with you!
Your spectral weapon fades away.
* * * LOW HITPOINT WARNING * * *
Things that are here:
a +0 flail; a +0 leather armour An orc wizard comes into view.
It is wielding a +0 dagger.
The orc wizard shouts!
You hear an angry hiss.
The orc wizard casts a spell.
The orc wizard seems to speed up.
An adder comes into view.
The adder hisses angrily.
You hit the orc wizard.
The orc wizard gestures at you while chanting.
The magic dart hits you.
* * * LOW HITPOINT WARNING * * *
The orc hits you from afar with a +1 vampiric trident.
* * * LOW HITPOINT WARNING * * *
The orc wizard hits you but does no damage.
The orc hits you from afar with a +1 vampiric trident.
* * * LOW HITPOINT WARNING * * *
Okay, then.
You feel better.
The orc wizard hits you but does no damage.
The adder bites you.
* * * LOW HITPOINT WARNING * * *
You are poisoned.
The adder poisons you!
The orc wizard casts a spell.
The orc wizard blinks!
The orc hits you with a +0 falchion.
* * * LOW HITPOINT WARNING * * *
The orc closely misses you.
Unknown command.
You feel better. The adder bites you.
* * * LOW HITPOINT WARNING * * *
The adder closely misses you. The orc hits you with a +0 falchion.
* * * LOW HITPOINT WARNING * * *
The orc warrior misses you.
As you read the scroll labeled PYCRAT ACLIBOSS, it crumbles to dust.
It is a scroll of identify.
j - 7 scrolls of teleportation The orc closely misses you.
The orc hits you from afar with a +1 vampiric trident.
* * * LOW HITPOINT WARNING * * *
The adder barely misses you.
The orc warrior hits you with a +0 short sword!!
You die...

. #.#...# # o
#.##o.#.# o
#..))...# .
####.######## o
#.ooo..).####
#..####.....#
####..####o....#
.....ooo.o.....#
#.#...#.@#.....#
#.....#So#.....#
#.#.........####
#.#......####
#.#.#.## ..
....# # .#####
#.


You could see an orc warrior, an orc wizard, an adder and 4 orcs.

Vanquished Creatures
  An ice beast (D:5)
  2 phantoms
  A centaur (D:5)
  An ogre (D:4)
  A howler monkey (D:4)
  2 hounds (D:4)
  An orc priest (D:4)
  A jelly (D:5)
  An orc wizard (D:4)
  An iguana (D:4)
  2 worker ants
  3 gnolls
  2 adders (D:3)
  2 shadow imps (D:5)
  An ooze (D:3)
  An adder skeleton (D:6)
  5 worms
  7 dart slugs
  6 leopard geckos
  17 orcs
  10 bats
  3 giant cockroaches (D:2)
  8 goblins
  3 hobgoblins
  7 jackals
  3 quokkas
  6 frilled lizards
  9 kobolds
  A quokka skeleton (D:6)
  A quokka zombie (D:5)
  3 rats
112 creatures vanquished.

Vanquished Creatures (collateral kills)
  An orc warrior (D:6)
  An ogre (D:5)
  A scorpion (D:5)
  An adder zombie (D:5)
  An orc (D:5)
5 creatures vanquished.

Vanquished Creatures (others)
  3 ancestors
  A spectral weapon (D:6)
4 creatures vanquished.

Grand Total: 121 creatures vanquished

Notes
Turn   | Place    | Note
-------+----------+-------------------------------------------
     0 | D:1      | MalarOregon the Merfolk Skald began the quest for the Orb.
     0 | D:1      | Reached XP level 1. HP: 16/16 MP: 3/3
   188 | D:1      | Reached skill level 4 in Polearms
   188 | D:1      | Reached skill level 1 in Armour
   188 | D:1      | Reached XP level 2. HP: 12/22 MP: 5/5
   544 | D:1      | Reached XP level 3. HP: 13/27 MP: 6/6
  1240 | D:2      | Found a basalt altar of Yredelemnul.
  1381 | D:2      | Reached skill level 5 in Polearms
  1385 | D:2      | Reached XP level 4. HP: 27/33 MP: 7/7
  1838 | D:2      | Found a deep blue altar of Sif Muna.
  1975 | D:3      | Learned a level 3 spell: Regeneration
  1979 | D:3      | Learned a level 3 spell: Spectral Weapon
  2632 | D:3      | Reached XP level 5. HP: 32/38 MP: 8/8
  2691 | D:3      | Reached skill level 6 in Polearms
  2691 | D:3      | Reached skill level 1 in Hexes
  3277 | D:3      | Reached skill level 1 in Necromancy
  3542 | D:4      | Noticed a phantom
  3575 | D:4      | Killed a phantom
  3575 | D:4      | Reached XP level 6. HP: 27/44 MP: 9/9
  3777 | D:4      | Reached skill level 7 in Polearms
  4240 | D:4      | Reached XP level 7. HP: 46/50 MP: 10/10
  4299 | D:4      | Reached skill level 8 in Polearms
  4462 | D:4      | Found a roughly hewn altar of Beogh.
  4634 | D:4      | Found a staircase to the Ecumenical Temple.
  4772 | Temple   | Entered the Ecumenical Temple
  4883 | Temple   | Became a worshipper of Hepliaklqana the Forgotten
  5009 | D:5      | Entered Level 5 of the Dungeon
  5154 | D:5      | Reached skill level 9 in Polearms
  5280 | D:5      | Reached XP level 8. HP: 33/50 MP: 11/11
  5854 | D:5      | Reached skill level 10 in Polearms
  5988 | D:5      | Found Keoczuf's Food Boutique.
  6538 | D:6      | HP: 2/50 [orc/+1 vampiric trident (3)]
  6541 | D:6      | Mangled by an orc warrior

Skill      XL: |  1  2  3  4  5  6  7  8 |
---------------+-------------------------+-----
Polearms       | 4 5 6 7 9 10 | 10.2
Armour         | 1 2 |  2.1
Hexes          | 1 2 3 4 |  4.0
Necromancy     | 1 2 3 |  3.0
Fighting       | |  2.1
Dodging        | |  2.6
Spellcasting   | |  2.0
Charms         | |  3.8

Action                   |  1- 3 |  4- 6 |  7- 9 || total
-------------------------+-------+-------+-------++-------
Melee: Spear             |    81 |   192 |   243 ||   516
       Trident           |    57 |    83 |       ||   140
 Cast: Regeneration      |       |     4 |     4 ||     8
       Spectral Weapon   |       |     2 |     2 ||     4
  Use: Potion            |       |     1 |     2 ||     3
       Scroll            |       |       |     1 ||     1
 Stab: Distracted        |       |       |     2 ||     2
       Sleeping          |       |       |     1 ||     1
  Eat: Chunk             |     2 |     8 |     8 ||    18
       Ration            |       |     2 |       ||     2
Armor: Leather armour    |    38 |    37 |    22 ||    97
Dodge: Dodged            |    93 |   107 |    91 ||   291
